 Dungeon Crawl Stone Soup version 0.17-a0-1583-g2df49ec (webtiles) character file.

37 Timinator the Changer (level 3, 0/23 HPs)
             Began as an Octopode Transmuter on July 28, 2015.
             Slain by a goblin
             ... wielding a +0 club
             ... led by Robin
              (2 damage)
             ... on level 2 of the Dungeon.
             The game lasted 00:02:15 (752 turns).

Timinator the Changer (Octopode Transmuter)          Turns: 752, Time: 00:02:16

Health: 0/23       AC:  1    Str:  9    XL:     3   Next: 39%
Magic:  6/6        EV: 12    Int: 16    God:
Gold:   45         SH:  0    Dex: 12    Spells: 1 memorised, 5 levels left

rFire  . . .     SeeInvis .     n - +0 dagger
rCold  . . .     Clarity  .     (no shield)
rNeg   . . .     SustAt   .     (helmet restricted)
rPois  .         Gourm    .     (no amulet)
rElec  .         Spirit   .     (no ring)
rCorr  .         Warding  .     (no ring)
rMut   .         Stasis   .     (no ring)
MR     .....                    (no ring)
Stlth  ++........               (no ring)
                                (no ring)
                                (no ring)
                                (no ring)

@: not resistant to hostile enchantments, unstealthy
A: almost no armour, amphibious, 8 rings, constrict 8, camouflage 1, gelatinous
body 1
a: no special abilities


You were on level 2 of the Dungeon.
You were not hungry.

You visited 1 branch of the dungeon, and saw 2 of its levels.

You collected 45 gold pieces.

Inventory:

Hand weapons
 n - a +0 dagger (weapon)
Missiles
 a - 33 arrows
Jewellery
 j - an uncursed ring of invisibility {unknown}
Scrolls
 d - a scroll of remove curse {unknown}
 k - 2 scrolls of amnesia {unknown}
 l - a scroll of enchant armour {unknown}
 m - a scroll of teleportation {unknown}
Potions
 e - a potion of mutation {unknown}
 g - a potion of haste {unknown}
 h - a potion of resistance {unknown}
 i - 3 potions of curing {unknown}
Books
 b - a book of Changes

   Spells                             Type                      Level
   a - Beastly Appendage              Transmutation                1
   b - Sticks to Snakes               Transmutation                2
   c - Spider Form                    Transmutation/Poison         3
   d - Ice Form                       Ice/Transmutation            4
   e - Blade Hands                    Transmutation                5
Comestibles
 c - 3 bread rations
 f - a meat ration


   Skills:
 - Level 1.0 Fighting
 - Level 2.0 Dodging
 - Level 3.0 Unarmed Combat
 - Level 2.0 Spellcasting
 * Level 3.7 Transmutations


You had 5 spell levels left.
You knew the following spells:

 Your Spells              Type           Power        Failure   Level  Hunger
a - Beastly Appendage     Trmt           ##....       6%          1    #......


Dungeon Overview and Level Annotations

Branches:
Dungeon (2/15)

Altars:
Kikubaaqudgha

Annotations:
D:2 Robin


Innate Abilities, Weirdness & Mutations

You cannot wear most types of armour.
You are amphibious.
You can wear up to eight rings at the same time.
You can use your tentacles to constrict eight enemies at once.
Your skin changes colour to match your surroundings (Stealth).
Your rubbery body absorbs attacks (AC +1).


Message History

A goblin comes into view.
You completely miss the goblin.
The goblin shouts! x6
Your grab misses the goblin. The bat hits you. Robin throws the goblin at you!
The bat closely misses you. The goblin hits you but does no damage.
The rat closely misses you.
You barely miss the goblin. You grab the goblin. You constrict the goblin.
The bat hits you but does no damage. Robin throws the goblin at you!
The goblin hits you. The rat completely misses you.
The goblin hits you with a dagger.
* * * LOW HITPOINT WARNING * * *
The goblin hits you but does no damage.
Unknown command.
You release your grip on the goblin.
The bat barely misses you. The goblin hits you.
* * * LOW HITPOINT WARNING * * *
The goblin misses you. The rat bites you.
* * * LOW HITPOINT WARNING * * *
The goblin hits you with a club.
You die...

.........##.....##.#
######...####.####.# ##
......##.# #.# ..
..........# #.# .#
#.......#######.### .#
###...### #......## .##
#...# #.##.#..# ..#
##.#######ggb....#
†.#####...#....g@.....#
...†.....)#.###gr.....#
..#####.#. .gl##....#
..# #.ggg#....# ..#
....g. g...# ..#
...#..g. .### ..#
.!..##... # #.# ...
..### #.#


You could see Robin, 7 goblins, a bat, a giant newt and a rat.

Vanquished Creatures
  An adder (D:2)
  2 worms (D:2)
  4 giant cockroaches
  4 hobgoblins
  A kobold (D:1)
  5 bats (D:1)
  A giant newt (D:1)
  2 goblins
  2 jackals (D:1)
  2 rats
24 creatures vanquished.

Notes
Turn   | Place    | Note
--------------------------------------------------------------
     0 | D:1      | Timinator the Octopode Transmuter began the quest for the Orb.
     0 | D:1      | Reached XP level 1. HP: 13/13 MP: 3/3
   228 | D:1      | Reached XP level 2. HP: 16/18 MP: 5/5
   671 | D:2      | Reached XP level 3. HP: 23/23 MP: 6/6
   746 | D:2      | Found an ancient bone altar of Kikubaaqudgha.
   748 | D:2      | Noticed Robin
   752 | D:2      | Slain by a goblin

Vault maps used:
D:1:      minmay_arrival_loop, amethyst_killhole, grunt_decor_mini_mirrors,
          st_stairs_9
D:2:      nicolae_overflow_crystal_walls, first_bread, uniq_robin

Action                   || total
-------------------------++-------
Melee: Unarmed           ||    55
       Dagger            ||     2
 Cast: Beastly Appendage ||     4
 Stab: Sleeping          ||     1
